General information
- name: snakes
- type: Custom game
- host: Mata.
- saver: bLinn
map: EchoIsles
- players: 6
- length: 10:01
- speed: Fast
- version: 1.21 W3XP
- replay type:

» download(37 KB)
Players
team 1 (winner)
bLinn (
orange | 138 APM | 1381 actions | 10:01)
3 Far Seer
2 Feral Spirit
1 Chain Lighting
2 Tauren Chieftain
1 War Stomp
1 Endurance Aura
» actions
| Assign group hotkey | 63 | |
| Basic commands | 15 | |
| Build / train | 49 | |
| Enter build submenu | 11 | |
| Enter hero's abilities submenu | 5 | |
| Give item / drop item | 1 | |
| Remove unit from queue | 3 | |
| Right click | 688 | |
| Select / deselect | 211 | |
| Select group hotkey | 298 | |
| Use ability | 37 | |
1381 total
» units
| Peon | 9 | |
| Grunt | 8 | |
| Raider | 2 | |
| Spirit Walker | 2 | |
21 total
» upgrades
| Berserker Strength | 1 | |
| Ensnare | 1 | |
| Spirit Walker Training | 1 | |
| Pillage | 1 | |
| Armor | 1 | |
| Ranged Weapons | 0 | |
| Melee Weapons | 1 | |
6 total
» buildings
| Altar of Storms | 1 | |
| Orc Burrow | 4 | |
| Barracks | 1 | |
| Stronghold | 3 | |
| Voodoo Lounge | 1 | |
| Beastiary | 1 | |
| Spirit Lodge | 1 | |
| War Mill | 1 | |
13 total
» build order
00:02 Altar of Storms
00:11 Orc Burrow
00:52 Barracks
01:25 Orc Burrow
02:37 Stronghold
02:37 Stronghold
02:37 Stronghold
02:53 Voodoo Lounge
03:36 Orc Burrow
05:23 Beastiary
05:27 Spirit Lodge
07:05 Orc Burrow
07:31 War Mill
» items
| Healing Salve | 2 | |
| Lesser Clarity Potion | 2 | |
4 total
team 2 (loser)

»
evil_pengoon (
pink | 88 APM | 878 actions | 10:00)
2 Goblin Alchemist
1 Healing Spray
1 Chemical Rage
» actions
| Assign group hotkey | 10 | |
| Basic commands | 18 | |
| Build / train | 24 | |
| Enter build submenu | 15 | |
| Enter hero's abilities submenu | 3 | |
| Remove unit from queue | 1 | |
| Right click | 504 | |
| Select / deselect | 176 | |
| Select group hotkey | 91 | |
| Use ability | 36 | |
878 total
» units
| Peon | 9 | |
| Grunt | 5 | |
| Troll Headhunter/Berserker | 3 | |
17 total
» buildings
| Orc Burrow | 4 | |
| Barracks | 1 | |
| Altar of Storms | 1 | |
| Stronghold | 2 | |
| War Mill | 1 | |
| Voodoo Lounge | 1 | |
| Spirit Lodge | 3 | |
| Fortress | 1 | |
14 total
» build order
00:07 Orc Burrow
00:13 Barracks
00:51 Altar of Storms
01:46 Orc Burrow
02:27 Orc Burrow
02:50 Stronghold
02:50 Stronghold
04:13 War Mill
04:24 Orc Burrow
04:41 Voodoo Lounge
07:05 Spirit Lodge
07:13 Spirit Lodge
07:15 Fortress
08:00 Spirit Lodge
refereesMata.,
Steelhound,
Chopstix,
Gobiner Chat log
(00:22 / All) evil_pengoon: gl
(00:23 / All) evil_pengoon: hf
(00:25 / All) bLinn: gl hf
(00:26 / All) evil_pengoon: all goon replays
(00:31 / All) evil_pengoon: available @ highper.ch
(09:02 / All) Mata.: do you know that heals enemeis?
(09:06 / All) evil_pengoon: yeah
(09:09 / All) evil_pengoon: hard to target
(09:57 / All) evil_pengoon: welp thats gg
(09:59 / All) bLinn: gg